 Dungeon Crawl Stone Soup version 0.21-a0-251-g5e8393f (webtiles) character file.

0 RandomMack the Sneak (level 1, 0/10 HPs)
             Began as a Spriggan Assassin on Sept 5, 2017.
             Succumbed to an adder's poison
             ... on level 2 of the Dungeon.
             The game lasted 00:01:01 (387 turns).

RandomMack the Sneak (Spriggan Assassin)             Turns: 387, Time: 00:01:02

Health: 0/10       AC:  3    Str:  7    XL:     1   Next: 8%
Magic:  2/2        EV: 17    Int: 12    God:
Gold:   10         SH:  0    Dex: 17    Spells: 0/0 levels left

rFire    . . .     SeeInvis +   a - +2 dagger
rCold    . . .     Gourm    .   (shield restricted)
rNeg     . . .     Faith    .   c - +0 robe
rPois    .         Spirit   .   (helmet restricted)
rElec    .         Reflect  .   d - +0 cloak
rCorr    .         Harm     .   (gloves unavailable)
MR       .....                  (boots unavailable)
Stlth    +++.......             (no amulet)
HPRegen  0.03/turn              (no ring)
MPRegen  0.08/turn              (no ring)

@: lethally poisoned (0 -> -6), very quick
A: unfitting armour, see invisible, herbivore 3, speed 3, slow metabolism 2
a: no special abilities


You were on level 2 of the Dungeon.
You were not hungry.

You visited 1 branch of the dungeon, and saw 2 of its levels.

You collected 10 gold pieces.

Inventory:

Hand Weapons
 a - a +2 dagger (weapon)
 b - a +0 blowgun
Missiles
 e - 8 poisoned needles
 f - 2 curare-tipped needles
Armour
 c - a +0 robe (worn)
 d - a +0 cloak (worn)
Scrolls
 h - 3 scrolls of teleportation
Comestibles
 g - 2 bread rations {@e1}
 i - a royal jelly


   Skills:
 - Level 1.5 Fighting
 - Level 2.1 Short Blades
 - Level 2.0 Throwing
 - Level 1.5 Dodging
 + Level 5.9 Stealth


You couldn't memorise any spells.
You didn't know any spells.

Dungeon Overview and Level Annotations

Branches:
Dungeon (2/15)

Altars:


Innate Abilities, Weirdness & Mutations

You are very small and have problems with some larger weapons.
You are too small for most types of armour.
You have supernaturally acute eyesight. (SInv)
You are a herbivore.
You cover ground extremely quickly.
You need consume almost no food.


Message History

The bat misses you. The bat closely misses you. The bat barely misses you.
The bat misses you. The bat hits you but does no damage. The bat hits you.
You take 1 damage, and have 8/10 hp.
The bat misses you. The bat completely misses you.
There is a stone staircase leading up here.
The bat hits you but does no damage. The bat hits you but does no damage.
The bat hits you but does no damage. The bat closely misses you.
The bat completely misses you. The bat closely misses you.
The bat closely misses you. The bat hits you but does no damage.
The bat closely misses you. The bat barely misses you. The bat misses you.
The kobold shouts!
The bat hits you but does no damage. The bat hits you.
You see here a royal jelly.
You take 1 damage, and have 8/10 hp.
i - a royal jelly The bat completely misses you.
The bat closely misses you. The bat barely misses you.
The bat barely misses you. The bat misses you.
The bat hits you but does no damage. The bat hits you but does no damage.
The bat misses you. The bat hits you but does no damage. The bat misses you.
The bat barely misses you. The bat hits you but does no damage.
The bat completely misses you. The bat barely misses you.
The bat barely misses you.
An adder comes into view.
The adder hisses angrily.
The bat hits you but does no damage. The bat barely misses you.
The bat barely misses you.
You miss the bat. The bat hits you but does no damage. The bat hits you.
The adder barely misses you.
You take 1 damage, and have 7/10 hp.
The bat hits you.
You take 1 damage, and have 6/10 hp.
You miss the bat. The bat completely misses you. The bat closely misses you.
You closely miss the bat. The bat completely misses you. The adder misses you.
The adder bites you but does no damage. The bat hits you.
You take 1 damage, and have 5/10 hp.
As you read the scroll labeled FYVVIUKOAL, it crumbles to dust.
You feel strangely unstable.
It was a scroll of teleportation.
The bat completely misses you. The bat closely misses you. The adder bites you.
You are lethally poisoned!
The adder poisons you! The bat closely misses you.
You take 1 damage, and have 4/10 hp.
You hit the bat.
You kill the bat!
* * * LOW HITPOINT WARNING * * *
You feel sick. The adder closely misses you.
You take 1 damage, and have 3/10 hp.
Unknown command.
Unknown command.
Unknown command.
* * * LOW HITPOINT WARNING * * *
You feel sick.
You take 1 damage, and have 2/10 hp.
Unknown command.
Your surroundings suddenly seem different.
A bat comes into view.
The bat closely misses you.
Unknown command.
The bat barely misses you. The bat closely misses you.
The bat hits you but does no damage.
* * * LOW HITPOINT WARNING * * *
You feel sick. The bat misses you.
You take 1 damage, and have 1/10 hp.
You aren't carrying any potions.
The bat closely misses you.
You see here 12 gold pieces.
The bat closely misses you. The bat barely misses you.
The bat hits you but does no damage.
* * * LOW HITPOINT WARNING * * *
You feel sick. The bat completely misses you.
You take 1 damage, and have 1/10 hp.
The bat completely misses you. The bat closely misses you.
Found a short sword.
Found a stone staircase leading down.
The bat misses you. The bat misses you.
You die...

### #.. #.#
#.# ###### #.#
.....# #.#
#..###.#
#.....@######
#...b..)......
#..###########
#..+
#..#######
#.........
+..#...$.#
#..#.###.#
#..# #


You could see a bat.

Vanquished Creatures
  A bat (D:2)
1 creature vanquished.

Notes
Turn   | Place    | Note
-------+----------+-------------------------------------------
     0 | D:1      | RandomMack the Spriggan Assassin began the quest for the Orb.
     0 | D:1      | Reached XP level 1. HP: 10/10 MP: 2/2
   368 | D:2      | HP: 2/10 [poisoned by an adder]
   374 | D:2      | HP: 1/10 [poisoned by an adder]
   380 | D:2      | HP: 1/10 [poisoned by an adder]
   387 | D:2      | Succumbed to an adder's poison

Vault maps used:
D:1:      minmay_arrival_split_and_join
D:2:      first_bread, serial_glass, glass_columns_b, glass_columns_b,
          glass_columns_a, glass_columns_a, glass_columns_b, glass_columns_c,
          kennysheep_generic_room_16

Action                   || total
-------------------------++-------
Melee: Dagger            ||     4
  Use: Scroll            ||     1
Armor: Robe              ||    21
Dodge: Dodged            ||    62

Table legend:
 A = Spawn XP
 B = Non-spawn XP
 C = Spawn XP percentage of total XP
 D = Spawn monster count
 E = Non-spawn monster count
 F = Spawn count percentage of total count
 G = Total turns spent on level
                    A         B        C        D         E        F      G
               +---------+---------+-------+---------+---------+-------+---------
         Total |       0 |       1 |   0.0 |       0 |       1 |   0.0 |   387
               +---------+---------+-------+---------+---------+-------+---------
           D:2 |       0 |       1 |   0.0 |       0 |       1 |   0.0 |   287
               +---------+---------+-------+---------+---------+-------+---------

Vault maps used:
D:1:      minmay_arrival_split_and_join
D:2:      first_bread, serial_glass, glass_columns_b, glass_columns_b,
          glass_columns_a, glass_columns_a, glass_columns_b, glass_columns_c,
          kennysheep_generic_room_16

Table legend:
 A = Turns spent in this place as a percentage of turns spent in the entire game.
 B = Non-inter-level travel turns spent in this place as a percentage of non-inter-level travel turns spent in the entire game.
 C = Inter-level travel turns spent in this place as a percentage of turns spent in this place.
 D = Turns resting spent in this place as a percentage of non-inter-level travel turns spent in this place.
 E = Turns spent auto-exploring this place as a percentage of non-inter-level travel turns spent in this place.
 F = Non-inter-level travel turns spent in this place divided by the number of levels of this place that you've seen.
                   A       B       C       D       E      F
               +-------+-------+-------+-------+-------+----------------------
         Total | 100.0 | 100.0 |   5.9 |   0.0 |  25.8 | 182.0
       Dungeon | 100.0 | 100.0 |   5.9 |   0.0 |  25.8 | 182.0
               +-------+-------+-------+-------+-------+----------------------

Table legend:
 A = Kills in this place as a percentage of kills in entire the game.
 B = Kills by you in this place as a percentage of kills by you in the entire game.
 C = Kills by friends in this place as a percentage of kills by friends in the entire game.
 D = Other kills in this place as a percentage of other kills in the entire game.
 E = Experience gained in this place as a percentage of experience gained in the entire game.
 F = Experience gained in this place divided by the number of levels of this place that you have seen.
                   A       B       C       D       E      F
               +-------+-------+-------+-------+-------+----------------------
         Total | 100.0 | 100.0 |   N/A |   N/A | 100.0 |   0.5
       Dungeon | 100.0 | 100.0 |   N/A |   N/A | 100.0 |   0.5
               +-------+-------+-------+-------+-------+----------------------
